 Dungeon Crawl Stone Soup version 0.17-a0-670-g5d95ebd (webtiles) character file.

954 Kisielow the Infuser (level 7, -11/36 HPs)
             Began as a Deep Elf Conjurer on Apr 18, 2015.
             Mangled by a troll (17 damage)
             ... on level 5 of the Dungeon.
             The game lasted 00:15:01 (5126 turns).

Kisielow the Infuser (Deep Elf Conjurer)            Turns: 5126, Time: 00:15:02

Health: -11/36     AC:  3    Str:  5    XL:     7   Next: 91%
Magic:  0/13       EV: 13    Int: 22    God:
Gold:   225        SH:  0    Dex: 15    Spells: 3 memorised, 4 levels left

rFire  . . .     SeeInvis .     s - +1 war axe (holy)
rCold  . . .     Clarity  .     a - +0 robe
rNeg   . . .     SustAb   .     (no shield)
rPois  .         Gourm    .     (no helmet)
rElec  .         Spirit   .     (no cloak)
rCorr  .         Warding  .     h - +0 pair of gloves
rMut   .         Stasis   .     (no boots)
MR     .....                    (no amulet)
Stlth  ++........               (no ring)
                                (no ring)

@: not resistant to hostile enchantments, unstealthy
A: no striking features
a: no special abilities


You were on level 5 of the Dungeon.
You were hungry.

You visited 1 branch of the dungeon, and saw 5 of its levels.

You collected 225 gold pieces.

Inventory:

Hand weapons
 s - a +1 war axe of holy wrath (weapon)
Armour
 a - a +0 robe (worn)
 h - a +0 pair of gloves (worn)
Magical devices
 r - a wand of digging (2)
 x - a wand of enslavement (15)
Scrolls
 d - 5 scrolls of identify {unknown}
 f - a scroll of random uselessness {unknown}
 i - 7 scrolls of remove curse {unknown}
 m - 4 scrolls of teleportation {unknown}
 o - a scroll of enchant armour {unknown}
 p - a scroll of immolation {unknown}
 q - 2 scrolls of magic mapping {unknown}
 u - 2 scrolls of fog {unknown}
 v - a scroll of recharging {unknown}
 y - a scroll of amnesia {unknown}
Potions
 e - a potion of agility {unknown}
 g - 2 potions of invisibility {unknown}
 k - a potion of flight {unknown}
 l - a potion of degeneration {unknown}
 n - a potion of heal wounds {unknown}
 w - a potion of curing {unknown}
Books
 c - a book of Conjurations

   Spells                             Type                      Level
   a - Magic Dart                     Conjuration                  1
   b - Searing Ray                    Conjuration                  2
   c - Dazzling Spray                 Conjuration/Hexes            3
   d - Fulminant Prism                Conjuration/Hexes            4
   e - Iskenderun's Mystic Blast      Conjuration                  4
   f - Iskenderun's Battlesphere      Conjuration/Charms           5
Comestibles
 b - 5 bread rations
 j - 4 meat rations
 t - a royal jelly


   Skills:
 - Level 2.4 Dodging
 - Level 2.4 Stealth
 - Level 3.0 Spellcasting
 * Level 8.0 Conjurations
 * Level 9.5 Charms


You had 4 spell levels left.
You knew the following spells:

 Your Spells              Type           Power        Failure   Level  Hunger
a - Magic Dart            Conj           ####         1%          1    None
b - Searing Ray           Conj           #####.       1%          2    ##.....
c - Iskenderun's Battles  Conj/Chrm      #####...     12%         5    ######.


Dungeon Overview and Level Annotations

Branches:
Dungeon (5/15)
 Temple: D:4-7

Altars:
Cheibriados
Elyvilon
Fedhas
Okawaru
Qazlal
Ru
The Shining One


Message History

Casting: Iskenderun's Battlesphere
Confirm with . or Enter, or press ? or * to list all spells.
Aiming: Magic Dart
Press: ? - help, Shift-Dir - straight line, f/p - troll
Aim: a troll The magic dart hits the troll.
The troll is lightly wounded.
Your battlesphere fires!
The barrage of energy hits the troll.
The troll is heavily wounded.
The troll bites you! The troll claws you.
* * * LOW HITPOINT WARNING * * *
The troll claws you.
* * * LOW HITPOINT WARNING * * *
Casting: Magic Dart
Confirm with . or Enter, or press ? or * to list all spells.
You don't have enough magic to cast that spell.
Unknown command.
The troll bites you!
You die...

#.### ########## #...#
#........# #########
#.#.# #........#
###.......#
#.#.###........#
..........#
#.#............#
###.......##
#.#####........#
#........# #...#
#...)....#
###........#####.#
###'######
.......Z........@# #.#
###....T..#.####T#
#.#####
#....<..#'####.##
#.....#
######..........#
#####.# #..........#
####.######
#........*.#
#.^.......#
#####'###†##
##.######..# #......#
#..#....#..#
#..##..####..###..#..#


You could see a troll.

Vanquished Creatures
  The ghost of Virusyak the Bolt Thrower, an experienced FoHu of Cheibriados (D:4)
  Edmund (D:5)
  A water moccasin skeleton (D:5)
  The ghost of Silverhawk the Chiller, a weakling DEIE (D:3)
  A crimson imp (D:5)
  2 hounds (D:4)
  An orc wizard (D:3)
  A giant frog skeleton (D:4)
  2 orc priests
  A worker ant (D:4)
  An iguana (D:4)
  A gnoll (D:1)
  5 adders
  An ooze (D:5)
  An adder skeleton (D:4)
  5 worms
  8 orcs
  2 bat skeletons (D:4)
  8 giant cockroaches
  17 goblins
  12 hobgoblins
  18 jackals
  11 kobolds
  3 quokkas
  3 ball pythons
  14 bats
  A giant gecko skeleton (D:4)
  3 giant newts
  A goblin zombie (D:5)
  10 rats
  A rat zombie (D:5)
138 creatures vanquished.

Notes
Turn   | Place    | Note
--------------------------------------------------------------
     0 | D:1      | Kisielow, the Deep Elf Conjurer, began the quest for the Orb.
     0 | D:1      | Reached XP level 1. HP: 10/10 MP: 6/6
   232 | D:1      | Reached XP level 2. HP: 15/15 MP: 6/8
   236 | D:1      | Learned a level 2 spell: Searing Ray
   281 | D:1      | Reached skill level 5 in Conjurations
   483 | D:1      | Reached XP level 3. HP: 19/19 MP: 2/9
  1083 | D:2      | Found a blossoming altar of Fedhas.
  1237 | D:2      | Reached skill level 6 in Conjurations
  1343 | D:2      | Found an iron altar of Okawaru.
  1553 | D:2      | Reached XP level 4. HP: 24/24 MP: 2/10
  1664 | D:2      | Found a glowing golden altar of the Shining One.
  1665 | D:2      | Found a stormy altar of Qazlal.
  1910 | D:3      | Found a sacrificial altar of Ru.
  2237 | D:3      | Noticed Silverhawk's ghost (weakling DEIE)
  2378 | D:3      | Reached skill level 7 in Conjurations
  2378 | D:3      | Reached XP level 5. HP: 28/28 MP: 5/11
  2385 | D:3      | Learned a level 5 spell: Iskenderun's Battlesphere
  2416 | D:3      | Reached skill level 1 in Charms
  2659 | D:3      | Found a white marble altar of Elyvilon.
  2988 | D:3      | Killed Silverhawk's ghost
  3252 | D:4      | Reached XP level 6. HP: 32/32 MP: 2/12
  3412 | D:4      | Reached skill level 5 in Charms
  3433 | D:5      | Entered Level 5 of the Dungeon
  3539 | D:5      | Found a snail-covered altar of Cheibriados.
  3642 | D:5      | Noticed Edmund
  3642 | D:5      | Noticed a troll
  3649 | D:5      | Killed Edmund
  3717 | D:4      | Noticed Virusyak's ghost (experienced FoHu)
  3721 | D:4      | Killed Virusyak's ghost
  3721 | D:4      | Reached skill level 9 in Charms
  3721 | D:4      | Reached XP level 7. HP: 6/36 MP: 0/13
  5126 | D:5      | Mangled by a troll

Action                   |  1- 3 |  4- 6 |  7- 9 || total
-------------------------+-------+-------+-------++-------
Melee: Unarmed           |     5 |       |       ||     5
       Whip              |       |     6 |       ||     6
       War axe           |       |     6 |     1 ||     7
 Cast: Magic Dart        |    75 |   137 |    49 ||   261
       Searing Ray       |     1 |       |       ||     1
       Iskenderun's Batt |       |     3 |    12 ||    15
  Eat: Chunk             |     2 |     7 |     4 ||    13
       Meat ration       |       |       |     1 ||     1
